 Dungeon Crawl Stone Soup version 0.29-a0-322-g68df515428 (webtiles) character file.

Game seed: 7718173866362042188

3878 sammy202020 the Cleaver (level 10, -3/102 HPs)
             Began as a Minotaur Berserker on Apr 5, 2022.
             Was an Elder of Trog.
             Slain by a gnoll shaman
             ... wielding a +0 whip
              (5 damage)
             ... on level 7 of the Dungeon.
             The game lasted 00:11:26 (8413 turns).

sammy202020 the Cleaver (Minotaur Berserker)        Turns: 8413, Time: 00:11:27

Health: -3/102     AC: 19    Str: 22    XL:     10   Next: 0%
Magic:  9/9        EV:  8    Int: 10    God:    Trog [****..]
Gold:   363        SH:  3    Dex: 10    Spells: 9/9 levels left

rFire   . . .      SeeInvis .   a - +1 hand axe
rCold   . . .      Faith    .   x - +0 buckler
rNeg    + . .      Spirit   .   u - +0 plate armour
rPois   .          Reflect  .   (helmet restricted)
rElec   .          Harm     .   q - +0 cloak
rCorr   .          Rampage  .   (no gloves)
Will    ++...                   n - +0 pair of boots
Stlth   ..........              (no amulet)
HPRegen 1.27/turn               k - ring of positive energy
MPRegen 0.11/turn               (no ring)

@: strong-willed (expiring), on berserk cooldown, regenerating (expiring),
slowed, very slow
A: horns 2, retaliatory headbutt, iridescent scales 1, clever 1, robust 1
a: Renounce Religion, Berserk, Trog's Hand, Brothers in Arms


You were on level 7 of the Dungeon.
You worshipped Trog.
Trog was greatly pleased with you.
You visited 1 branch of the dungeon, and saw 7 of its levels.
You also visited: Sewer.

You collected 363 gold pieces.

Inventory:

Hand Weapons
 a - a +1 hand axe (weapon)
 f - a +0 club
 r - a +0 mace
 t - a +0 hunting sling
 w - a +2 flail of holy wrath
Missiles
 d - 4 atropa-tipped darts (quivered)
Armour
 n - a +0 pair of boots (worn)
 q - a +0 cloak (worn)
 u - a +0 plate armour (worn)
 x - a +0 buckler (worn)
Jewellery
 k - a ring of positive energy (left hand)
Scrolls
 b - 8 scrolls of teleportation
 c - 4 scrolls of fog
 g - 2 scrolls of silence
 l - 3 scrolls of magic mapping
 o - 2 scrolls of enchant armour
 s - a scroll of fear {unknown}
Potions
 e - 3 potions of curing
 h - a potion of flight {unknown}
 i - 2 potions of magic
 j - 2 potions of mutation
 m - 5 potions of haste {unknown}
 p - 2 potions of cancellation {unknown}
 v - a potion of heal wounds {unknown}


   Skills:
 * Level 9.9 Fighting
 * Level 10.0 Axes
 * Level 9.5 Armour
 + Level 6.3 Dodging
 * Level 0.4 Shields


You had 9 spell levels left.
You didn't know any spells.
Your spell library was empty.

Dungeon Overview and Level Annotations

Branches:
Dungeon (7/15)             Temple (0/1) D:4           Sewer (visited)

Altars:
Qazlal

Annotations:
D:7 Joseph


Innate Abilities, Weirdness & Mutations

You have a pair of horns on your head.
You reflexively headbutt those who attack you in melee.
You are partially covered in iridescent scales. (AC +2)
Your mind is acute. (Int +2)
You are robust. (+10% HP)


Message History

The gnoll hits you but does no damage. x2
You have reached level 10!
The gnoll barely misses you. The gnoll hits you but does no damage.
The gnoll completely misses you.
Joseph unwields a +0 quarterstaff.
Joseph wields a +0 hunting sling.
Joseph shoots a sling bullet.
The sling bullet hits you!
* * * LOW HITPOINT WARNING * * *
The gnoll hits you with a +0 spear!
* * * LOW HITPOINT WARNING * * *
The gnoll completely misses you. You furiously retaliate!
You headbutt the gnoll!
The gnoll shaman calls upon its god to heal the gnoll shaman.
The gnoll shaman is healed somewhat.
The gnoll hits you with a +2 flail of protection.
* * * LOW HITPOINT WARNING * * *
You block the gnoll's attack. The gnoll hits you but does no damage.
Things that are here:
a +0 spear; a +0 club You feel better.
You feel the effects of Trog's Hand fading.
The gnoll hits you but does no damage. You block the gnoll's attack.
The gnoll hits you with a +0 spear!
* * * LOW HITPOINT WARNING * * *
The gnoll shaman barely misses you. The gnoll hits you with a +0 spear.
* * * LOW HITPOINT WARNING * * *
The gnoll shaman hits you with a +0 whip.
* * * LOW HITPOINT WARNING * * *
You block the gnoll's attack.
The gnoll hits you with a +2 flail of protection.
* * * LOW HITPOINT WARNING * * *
The gnoll hits you with a +0 flail!
* * * LOW HITPOINT WARNING * * *
The gnoll hits you but does no damage. x2
The gnoll hits you with a +2 flail of protection.
* * * LOW HITPOINT WARNING * * *
The gnoll hits you but does no damage. The gnoll shaman barely misses you.
You furiously retaliate!
You headbutt the gnoll shaman, but do no damage.
The gnoll shaman hits you with a +0 whip.
You die...

####..#.....###
#.............. #
#............
#.#....<.......
#.#.......(....
#....[)........
###.)@)........
#####.ggg..!.....
......g@g........
.......gg........
.......[.........
...............
.............$$
............###
............#
............#


You could see Joseph, 2 gnoll shamans and 5 gnolls.

Vanquished Creatures
  The ghost of sammy202020 the Skirmisher, a novice DsBe of Trog (D:5)
  The ghost of SirDiesAlot the Chucker, a novice MiWr (D:5)
  The ghost of horus123 the Magician, a novice DjCA of Ignis (D:5)
  Grinder (D:6)
  2 steam dragons (D:5)
  Edmund (D:6)
  The ghost of ders the Magician, an amateur DjFE (D:5)
  2 water moccasins (D:6)
  A black bear (D:2)
  An ice beast (D:6)
  3 sky beasts
  2 ogres
  A phantom (D:5)
  3 kobold brigands (Sewer)
  A necrophage (D:6)
  A gnoll sergeant (D:7)
  2 scorpions
  2 jellies (D:5)
  An orc priest (D:6)
  5 hounds
  An iguana (D:7)
  7 orc wizards
  Robin (D:2)
  8 gnolls
  12 adders
  4 river rats
  A shadow imp (D:6)
  An ufetubus (D:6)
  A worm (D:2)
  The ghost of spaghetti the Sneak, a weakling DsDe (D:5)
  2 dart slugs
  16 orcs
  13 bats
  9 endoplasms
  5 giant cockroaches
  13 goblins
  12 hobgoblins
  7 jackals
  4 quokkas
  10 ball pythons
  11 frilled lizards
  11 kobolds
  10 rats
193 creatures vanquished.

Vanquished Creatures (others)
  7 fungi (D:5)
  15 plants (Sewer)
22 creatures vanquished.

Grand Total: 215 creatures vanquished

Notes
Turn   | Place    | Note
-------+----------+-------------------------------------------
     0 | D:1      | sammy202020 the Minotaur Berserker began the quest for the
                  | Orb.
     0 | D:1      | Reached XP level 1. HP: 19/19 MP: 0/0
   352 | D:1      | Reached XP level 2. HP: 27/27 MP: 1/1
   441 | D:1      | Reached skill level 4 in Axes
   474 | D:1      | Found a faded altar of an unknown god.
   838 | D:1      | Reached XP level 3. HP: 19/33 MP: 2/2
  1130 | D:2      | Found a stormy altar of Qazlal.
  1468 | D:2      | Reached ** piety under Trog
  1612 | D:2      | Reached XP level 4. HP: 41/41 MP: 3/3
  1817 | D:2      | Noticed Robin
  1826 | D:2      | Killed Robin
  1969 | D:2      | Noticed a black bear
  1978 | D:2      | Killed a black bear
  1979 | D:2      | Reached skill level 5 in Fighting
  1979 | D:2      | Reached skill level 5 in Axes
  1979 | D:2      | Reached XP level 5. HP: 30/48 MP: 4/4
  2572 | D:3      | Reached *** piety under Trog
  2681 | D:3      | Reached XP level 6. HP: 18/56 MP: 5/5
  3097 | D:3      | Found a glowing drain.
  3101 | Sewer    | Entered a sewer
  3524 | Sewer    | Reached skill level 5 in Armour
  3652 | Sewer    | Reached skill level 6 in Axes
  3755 | Sewer    | Reached **** piety under Trog
  3827 | Sewer    | Reached XP level 7. HP: 62/62 MP: 6/6
  4194 | Sewer    | Gained mutation: You are robust. (+10% HP) [potion of
                  | mutation]
  4194 | Sewer    | Gained mutation: You have hidden genetic potential. [potion
                  | of mutation]
  4721 | D:4      | Found a staircase to the Ecumenical Temple.
  5598 | D:5      | Entered Level 5 of the Dungeon
  5652 | D:5      | Noticed a steam dragon
  5653 | D:5      | Noticed a steam dragon
  5661 | D:5      | Killed a steam dragon
  5662 | D:5      | Reached skill level 7 in Axes
  5662 | D:5      | Reached XP level 8. HP: 64/80 MP: 7/7
  5671 | D:5      | Gained mutation: Your mind is acute. (Int +2) [hidden
                  | potential]
  6392 | D:5      | Found a runed translucent gate.
  6392 | D:5      | Noticed spaghetti's ghost (weakling DsDe)
  6393 | D:5      | Found a runed translucent gate.
  6393 | D:5      | Noticed ders's ghost (amateur DjFE)
  6393 | D:5      | Noticed SirDiesAlot's ghost (novice MiWr)
  6393 | D:5      | Noticed sammy202020's ghost (novice DsBe)
  6393 | D:5      | Noticed horus123's ghost (novice DjCA)
  6394 | D:5      | Found a runed translucent gate.
  6444 | D:5      | Killed sammy202020's ghost
  6445 | D:5      | Reached skill level 8 in Axes
  6445 | D:5      | Reached skill level 5 in Dodging
  6454 | D:5      | Killed SirDiesAlot's ghost
  6455 | D:5      | Reached XP level 9. HP: 65/90 MP: 8/8
  6459 | D:5      | Killed horus123's ghost
  6460 | D:5      | Killed ders's ghost
  6461 | D:5      | Reached skill level 9 in Axes
  6462 | D:5      | Killed spaghetti's ghost
  6474 | D:5      | Gained mutation: You are partially covered in iridescent
                  | scales. (AC +2) [hidden potential]
  6474 | D:5      | Lost mutation: You have hidden genetic potential. [hidden
                  | potential expressed]
  8165 | D:6      | Noticed Grinder
  8183 | D:6      | Killed Grinder
  8275 | D:6      | Noticed Edmund
  8287 | D:6      | Killed Edmund
  8386 | D:7      | Noticed Joseph
  8404 | D:7      | Reached skill level 10 in Axes
  8412 | D:7      | Reached XP level 10. HP: 29/102 MP: 9/9
  8413 | D:7      | HP: 4/102 [gnoll/+0 flail (10)]
  8413 | D:7      | Slain by a gnoll shaman

Illustrated notes

Levels and vault maps discovered:
D:1:      dpeg_arrival_boxorama, layout_basic,
          ebering_ecumenical_altar_abandoned
D:2:      minmay_razor_zed, layout_basic, basic_altar, uniq_robin
D:3:      layout_loops_ring, gup_sewer_entry_spiral
D:4:      layout_rooms, minmay_temple_entry_antechambers
D:5:      kennysheep_steamy, layout_loops_ring, gammafunk_ghost_cemetery,
          chequers_mini_garden
D:6:      layout_loops_corners, uniq_edmund, uniq_grinder
D:7:      layout_basic, mainiacjoe_overflow_surrounded_room,
          gammafunk_ghost_cemetery, uniq_joseph

Skill      XL: |  1  2  3  4  5  6  7  8  9 |
---------------+----------------------------+-----
Axes           | 4 5 6 7 8 10 | 10.0
Fighting       | 4 5 7 8 9 |  9.9
Armour         | 3 4 5 6 8 9 |  9.5
Dodging        | 3 4 5 6 |  6.3
Shields        | |  0.4

Action                   |  1- 3 |  4- 6 |  7- 9 | 10-12 || total
-------------------------+-------+-------+-------+-------++-------
Melee: Hand axe          |    76 |   210 |   299 |       ||   585
       Headbutt          |     6 |    21 |    52 |       ||    79
       Punch             |     3 |     3 |     2 |       ||     8
Invok: Berserk           |       |     1 |     5 |       ||     6
       Trog's Hand       |       |     1 |     5 |       ||     6
  Use: Scroll            |     6 |     3 |     4 |       ||    13
       Potion            |       |       |     2 |     1 ||     3
Armor: Ring mail         |    29 |    88 |    73 |       ||   190
       Plate armour      |       |       |   122 |     6 ||   128
Dodge: Dodged            |    52 |   133 |   120 |     5 ||   310
Block: Buckler           |       |       |     5 |     3 ||     8

Table legend: (Time is in decaauts)
 A = Elapsed time spent in this place.
 B = Non-inter-level travel time spent in this place.
 C = Inter-level travel time spent in this place.
 D = Time resting spent in this place.
 E = Time spent auto-exploring this place.
 F = Levels seen in this place.
 G = Mean time per level.
                   A        B        C        D        E       F      G
               +--------+--------+--------+--------+--------+-----+--------+
         Total |   8617 |   8464 |    153 |    607 |   6330 |   8 | 1077.1 |
       Dungeon |   7321 |   7168 |    153 |    339 |   5599 |   7 | 1045.9 |
         Sewer |   1296 |   1296 |      0 |    268 |    730 |   1 | 1296.0 |
               +--------+--------+--------+--------+--------+-----+--------+

Top non-repeatable levels by time:
     D:5: 1444 daAuts
     D:2: 1442 daAuts
     D:6: 1331 daAuts
   Sewer: 1296 daAuts
     D:1: 1135 daAuts
     D:3: 988 daAuts
     D:4: 957 daAuts
     D:7: 23 daAuts
